 Dungeon Crawl Stone Soup version 0.30-a0-851-gbd0d260 (webtiles) character file.

Game seed: 3499527809454073509

72571 Illumine the Reanimator (level 14, 0/118 HPs)
             Began as a Demigod Transmuter on Mar 3, 2023.
             Killed by nerve-wracking pain
             ... invoked by an orc priest
              (12 damage)
             ... on level 2 of the Orcish Mines.
             The game lasted 00:48:01 (19740 turns).

Illumine the Reanimator (Demigod Transmuter)       Turns: 19740, Time: 00:48:02

Health: 0/118      AC: 15    Str: 25    XL:     14   Next: 59%
Magic:  30/30      EV: 15    Int: 26    God:
Gold:   1758       SH:  0    Dex: 17    Spells: 2/28 levels left

rFire   + . .      SeeInvis +    z - +12 hand axe of Extermination {spect, rF+ rC+ Dex+3}
rCold   + + +      Faith    .    (no shield)
rNeg    . . .      Spirit   .    J - +4 skin of Zhor {*Englaciate rC+++ SInv}
rPois   .          Reflect  .    n - +2 helmet {Int+3}
rElec   .          Rampage  .    V - scarf {repulsion}
rCorr   .                        (no gloves)
Will    +....                    e - +0 pair of boots
Stlth   ++                       (no amulet)
HPRegen 0.39/turn                y - +4 ring of protection
MPRegen 0.22/turn                v - +6 ring of strength

@: hasted, repel missiles, very quick
A: high MP 1, forlorn, divine attributes
a: no special abilities


You were on level 2 of the Orcish Mines.
You visited 3 branches of the dungeon, and saw 19 of its levels.
You also visited: Ice Cave.

You collected 1758 gold pieces.

Inventory:

Hand Weapons
 z - the +12 hand axe of Extermination (weapon) {spect, rF+ rC+ Dex+3}
   (You found it on level 5 of the Dungeon)

   Dex:       It affects your dexterity (+3).
   rF:        It protects you from fire.
   rC:        It protects you from cold.
 C - a +4 broad axe of flaming
Missiles
 f - 2 throwing nets (quivered)
 K - 2 javelins
 Q - 5 silver javelins
Armour
 e - a +0 pair of boots (worn)
 n - a +2 helmet of intelligence (worn)
 J - the +4 skin of Zhor (worn) {*Englaciate rC+++ SInv}
   (You found it on level 1 of the Lair of Beasts)

   *Englaciate: It radiates cold, occasionally slowing all nearby creatures who
   are not resistant to cold.
   rC:        It renders you almost immune to cold.
   SInv:      It lets you see invisible.
 V - a scarf of repulsion (worn)
Jewellery
 d - a ring of protection from cold
 k - a ring of resist corrosion
 u - a ring of poison resistance
 v - a +6 ring of strength (right hand)
 y - a +4 ring of protection (left hand)
 M - a ring of fire
 O - a +6 ring of intelligence
Wands
 l - a wand of flame (35)
 A - a wand of light (15)
 B - a wand of digging (8)
 G - a wand of iceblast (3)
 N - a wand of charming (4)
 X - a wand of mindburst (5)
Scrolls
 a - a scroll of silence {unknown}
 c - 5 scrolls of fear
 h - 5 scrolls of blinking
 p - 3 scrolls of torment
 r - a scroll of immolation
 w - 6 scrolls of teleportation
 x - a scroll of poison
 R - 5 scrolls of vulnerability
 T - a scroll of magic mapping {unknown}
 U - a scroll of fog {unknown}
Potions
 b - 3 potions of lignification
 g - 4 potions of flight
 i - 4 potions of magic
 j - a potion of berserk rage
 o - 2 potions of haste
 s - 3 potions of curing
 E - a potion of brilliance {unknown}
 H - a potion of might {unknown}
 L - 2 potions of attraction
 P - 2 potions of resistance
 W - a potion of mutation {unknown}
Miscellaneous
 Z - a phial of floods (inert)


   Skills:
 + Level 9.3 Fighting
 + Level 10.1 Axes
 + Level 7.9 Armour
 + Level 5.4 Dodging
 - Level 4.5 Unarmed Combat
 + Level 7.7 Spellcasting
 - Level 4.0 Hexes
 - Level 8.0 Summonings
 + Level 11.7 Necromancy
 + Level 6.6 Transmutations
 * Level 3.6 Air Magic
 - Level 2.0 Poison Magic


You had 2 spell levels left.
You knew the following spells:

 Your Spells              Type           Power      Damage    Failure   Level
b - Wereblood             Tmut           44%        N/A       1%          2
c - Spider Form           Tmut/Pois      32%        N/A       3%          3
d - Tukima's Dance        Hex            30%        N/A       3%          3
e - Animate Dead          Necr           63%        N/A       1%          4
f - Haunt                 Necr/Summ      28%        N/A       65%         7
g - Storm Form            Tmut/Air       18%        N/A       99%         7

Your spell library contained the following spells:

 Spells                   Type           Power      Damage    Failure   Level
 Beastly Appendage        Tmut           88%        N/A       1%          1
 Shock                    Conj/Air       76%        1d7       2%          1
 Swiftness                Air            28%        N/A       4%          3
 Summon Lightning Spire   Summ/Air       40%        N/A       5%          4
 Portal Projectile        Hex/Tloc       40%        N/A       8%          3
 Summon Ice Beast         Ice/Summ       30%        N/A       11%         4
 Blade Hands              Tmut           22%        N/A       11%         5
 Airstrike                Air            14%        2d(2-18)  13%         4
 Summon Mana Viper        Hex/Summ       41%        N/A       14%         5
 Ice Form                 Ice/Tmut       27%        N/A       16%         4
 Frozen Ramparts          Ice            20%        1d4       17%         3
 Monstrous Menagerie      Summ           25%        N/A       88%         7
 Infestation              Necr           31%        N/A       97%         8
 Maxwell's Capacitive Co  Air            14%        ∞         100%        8


Dungeon Overview and Level Annotations

Branches:
Dungeon (12/15)            Temple (0/1) D:7            Lair (5/5) D:8
 Shoals (0/4) Lair:2       Spider (0/4) Lair:3        Slime (0/5) Lair:4
    Orc (2/2) D:11          IceCv (visited)
    Elf: Orc:2

Shops:
D:7 (:

Portals:
Abyss: Lair:5

Annotations:
D:4 3 runed translucent doors, Wizard1ke's ghost, amateur DEMo
D:7 3 runed translucent doors, moogleknight's ghost, novice DECj
Orc:2 Donald; Nessos


Innate Abilities, Weirdness & Mutations

You have an increased reservoir of magic. (+10% MP)
You shall have no god before yourself.
Your divine heritage dramatically boosts your attributes as you level up.


Message History

Your orc priest zombie is unaffected.
The orc high priest seems to slow down.
The chaos spawn seems to slow down.
The orc high priest resists.
The soul eater is unaffected.
The sun demon seems to slow down.
The orc high priest hits your orc priest zombie with a +0 war axe!
Donald winces.
Donald hits your orc zombie with a +0 heavy scimitar!
Your orc zombie is destroyed!
The orc high priest shouts to no one in particular.
Your orc priest zombie closely misses the orc high priest.
The orc high priest hits your orc priest zombie with a +0 war axe.
You swap places.
The orc high priest hits you but does no damage.
You hit the sun demon.
The sun demon is lightly wounded.
You slash the orc high priest!
The orc high priest is no longer moving slowly.
Donald barely misses your orc priest zombie.
The soul eater draws from the surrounding life force!
* * * LOW HITPOINT WARNING * * *
Unknown command.
You swap places.
The sun demon hits your orc priest zombie.
Your orc priest zombie is engulfed in flames!
An orc wizard comes into view. It is wielding a +0 dagger.
The orc high priest hits your orc priest zombie with a +0 war axe!
Your orc priest zombie is destroyed!
Okay, then.
Blink to where?
Press: ? - help, Dir - move target, p - Donald
As you read the scroll of blinking, it crumbles to dust.
Your surroundings suddenly seem different.
An orc priest comes into view. It is wielding a +0 hand axe.
The orc priest shouts!
You slash the orc priest!
The orc priest is heavily wounded.
Your +12 hand axe of Extermination {spect, rF+ rC+ Dex+3} hits the orc priest.
The orc priest calls down the wrath of Beogh upon you.
Pain shoots through your body!
You die...

# #§# ###~###.#
#....## @~oc..o.#
#..... ###~###.#
#....# # #.#
##.... # #.# ....
###c# #..# .....
..# #..# #####
#..# #.@# # #..#
#(o#
#######..######..#
......^..........#
....)............#
....#.)......#####
).......#.....#
.........#.#
...))....##


You could see an orc priest and a friendly +12 hand axe of Extermination {spect,
rF+ rC+ Dex+3} (summoned).

Vanquished Creatures
  Kirke (Lair:4)
  Azrael (Orc:2)
  An ice dragon (Lair:4)
  7 two-headed ogres
  A death yak (Lair:4)
  2 thrashing horrors (Lair:5)
  4 orc high priests
  Nergalle (D:11)
  3 skysharks
  Pikel (D:7)
  2 orc knights (Orc:1)
  2 cyclopes (D:11)
  2 ugly things (Lair:5)
  2 orc sorcerers
  A salamander (shapeshifter) (D:8)
  10 elephants
  Maurice (D:9)
  A torpor snail (Lair:1)
  2 black mambas
  3 smoke demons (Lair:5)
  A kobold demonologist (D:10)
  Joseph (D:7)
  9 cane toads
  An unseen horror (D:10)
  8 rime drakes
  5 komodo dragons
  2 ancient zymes (Lair:5)
  A freezing wraith (IceCv)
  2 trolls
  2 polar bears
  6 dream sheep (Lair:5)
  18 blink frogs
  4 shadows
  4 wyverns
  A hog (Lair:4)
  2 fire elementals (Orc:2)
  2 large abominations (Lair:5)
  4 basilisks
  63 yaks
  A redback (Lair:3)
  6 wargs
  2 acid dragons
  15 water moccasins
  4 small abominations (Lair:5)
  2 hell hounds (Orc:2)
  3 sky beasts
  An ice beast (D:6)
  15 orc warriors
  5 black bears
  16 wolves
  8 ogres
  5 centaurs
  3 lemures (D:7)
  5 kobold brigands
  7 bullfrogs
  A gnoll sergeant (D:8)
  4 scorpions
  4 cane toad simulacra (IceCv)
  11 wights (D:8)
  5 killer bees (D:10)
  A howler monkey (D:7)
  A hound (D:4)
  3 gnoll boudas
  23 orc priests
  8 orc wizards
  2 iguanas (D:6)
  2 sleepcaps
  7 hell rats (Lair:1)
  A polar bear simulacrum (IceCv)
  A wolf simulacrum (IceCv)
  Robin (D:2)
  5 adders
  14 gnolls
  2 shadow imps
  3 white imps
  An ufetubus (D:5)
  4 dart slugs
  45 orcs
  8 endoplasms
  2 giant cockroaches (D:1)
  19 goblins
  11 hobgoblins
  6 jackals
  8 quokkas
  3 ball pythons
  5 bats
  2 frilled lizards
  23 kobolds
  8 rats
526 creatures vanquished.

Vanquished Creatures (collateral kills)
  Gastronok (Lair:3)
  A hydra (Lair:3)
  A death yak (Lair:4)
  An orc knight (Orc:1)
  An ugly thing (Lair:5)
  5 elephants (Lair:5)
  2 black mambas
  A torpor snail (Lair:4)
  A smoke demon (Lair:5)
  2 cane toads
  Maggie (Lair:1)
  4 komodo dragons
  14 blink frogs
  3 small abominations (Lair:5)
  2 spriggans (Lair:5)
  15 yaks
  2 chaos spawn (Lair:5)
  2 water moccasins
  A black bear (Lair:4)
  10 wolves
  A bullfrog (Lair:3)
  3 killer bees (D:10)
  A white imp (Lair:4)
  3 orcs
  A butterfly (D:9)
79 creatures vanquished.

Vanquished Creatures (others)
  4 humans (Lair:4)
  A small abomination (Lair:5)
  A dancing weapon (Orc:2)
  3 cane toad zombies (Lair:5)
  5 elephant zombies (Lair:5)
  9 blink frog zombies
  2 komodo dragon zombies
  A rime drake zombie (Lair:3)
  A hell hound zombie (Orc:2)
  A water moccasin zombie (Lair:4)
  2 warg zombies
  23 yak zombies
  6 wolf zombies
  A bullfrog zombie (Lair:4)
  A basilisk zombie (Lair:5)
  A kobold zombie (D:8)
  An ogre zombie (Orc:1)
  27 orc zombies
  36 fungi
  44 plants
170 creatures vanquished.

Grand Total: 775 creatures vanquished

Notes
Turn   | Place    | Note
-------+----------+-------------------------------------------
     0 | D:1      | Illumine the Demigod Transmuter began the quest for the
                  | Orb.
     0 | D:1      | Reached XP level 1. HP: 15/15 MP: 5/5
    38 | D:1      | Reached skill level 1 in Fighting
   196 | D:1      | Reached XP level 2. HP: 19/23 MP: 5/7
   323 | D:1      | Learned a level 2 spell: Wereblood
   956 | D:2      | Reached XP level 3. HP: 22/28 MP: 6/8
  1465 | D:2      | Noticed Robin
  1474 | D:2      | Killed Robin
  1492 | D:2      | Reached XP level 4. HP: 20/35 MP: 6/9
  2032 | D:3      | Learned a level 3 spell: Spider Form
  2448 | D:4      | Found a runed translucent gate.
  2453 | D:4      | Found a runed translucent gate.
  2453 | D:4      | Found a runed translucent gate.
  2457 | D:4      | Noticed Wizard1ke's ghost (amateur DEMo)
  2544 | D:4      | Reached XP level 5. HP: 18/38 MP: 6/10
  2548 | D:5      | Entered Level 5 of the Dungeon
  2629 | D:5      | Noticed an ogre
  2638 | D:5      | Killed an ogre
  2639 | D:5      | Reached skill level 1 in Poison Magic
  2851 | D:5      | Noticed a black bear
  2864 | D:5      | Killed a black bear
  2865 | D:5      | Reached XP level 6. HP: 21/48 MP: 8/11
  3057 | D:5      | Noticed a two-headed ogre
  3874 | D:5      | Identified the +12 hand axe of Extermination {spect, rF+
                  | rC+ Dex+3}
  3892 | D:5      | Learned a level 3 spell: Tukima's Dance
  3912 | D:5      | Killed a two-headed ogre
  3913 | D:5      | Reached skill level 5 in Transmutations
  3913 | D:5      | Reached XP level 7. HP: 8/57 MP: 10/14
  4146 | D:5      | Reached XP level 8. HP: 60/63 MP: 15/15
  4304 | D:6      | Reached skill level 1 in Hexes
  4778 | D:6      | Learned a level 4 spell: Animate Dead
  5013 | D:6      | Reached skill level 1 in Necromancy
  5202 | D:7      | Found Bicwewig's Weapon Boutique.
  5411 | D:7      | Reached XP level 9. HP: 71/71 MP: 14/17
  5475 | D:7      | Reached skill level 2 in Necromancy
  5579 | D:7      | Noticed Pikel
  5618 | D:7      | Killed Pikel
  5874 | D:7      | Found a staircase to the Ecumenical Temple.
  5883 | D:7      | Found Yseysogu's Book Boutique.
  5887 | D:7      | Found a runed translucent gate.
  5887 | D:7      | Found a runed translucent gate.
  5888 | D:7      | Found a runed translucent gate.
  5888 | D:7      | Noticed moogleknight's ghost (novice DECj)
  6028 | D:7      | Noticed Joseph
  6036 | D:7      | Killed Joseph
  6037 | D:7      | Reached skill level 5 in Dodging
  6037 | D:7      | Reached skill level 3 in Necromancy
  6494 | D:8      | Found a staircase to the Lair.
  6494 | D:8      | Noticed an elephant
  6513 | D:8      | Reached skill level 4 in Necromancy
  6521 | D:8      | Reached skill level 5 in Fighting
  6521 | D:8      | Reached skill level 1 in Armour
  6522 | D:8      | Killed an elephant
  6523 | D:8      | Reached XP level 10. HP: 50/81 MP: 19/19
  6654 | D:8      | Reached skill level 5 in Axes
  6728 | D:8      | Reached skill level 5 in Necromancy
  7077 | Lair:1   | Entered Level 1 of the Lair of Beasts
  7367 | Lair:1   | Noticed Maggie
  7377 | Lair:1   | Reached skill level 6 in Necromancy
  7377 | Lair:1   | Killed Maggie
  7394 | Lair:1   | Reached skill level 5 in Spellcasting
  7732 | Lair:1   | Noticed a torpor snail
  7732 | Lair:1   | Found the +4 skin of Zhor {*Englaciate rC+++ SInv}
  7778 | Lair:1   | Killed a torpor snail
  7783 | Lair:1   | Reached XP level 11. HP: 54/89 MP: 22/22
  7802 | Lair:1   | Reached skill level 7 in Necromancy
  8201 | Lair:2   | Reached skill level 8 in Necromancy
  8225 | Lair:2   | Learned a level 7 spell: Haunt
  8248 | Lair:2   | Reached skill level 1 in Summonings
  8424 | Lair:2   | Reached skill level 5 in Armour
  8633 | Lair:2   | Found a staircase to the Shoals.
  8673 | Lair:2   | Found a frozen archway.
  8693 | Lair:2   | Reached XP level 12. HP: 60/100 MP: 24/24
  8697 | IceCv    | Entered an ice cave
  9426 | Lair:3   | Noticed a seven-headed hydra
  9435 | Lair:3   | Killed a seven-headed hydra
  9436 | Lair:3   | Reached skill level 9 in Necromancy
  9590 | Lair:3   | Noticed Gastronok
  9599 | Lair:3   | Killed Gastronok
 10065 | Lair:3   | Found a hole to the Spider Nest.
 10641 | Lair:4   | Noticed Kirke
 10656 | Lair:4   | Killed Kirke
 10657 | Lair:4   | Reached skill level 5 in Summonings
 10772 | Lair:4   | Noticed an ice dragon
 10786 | Lair:4   | Killed an ice dragon
 11279 | Lair:4   | HP: 2/101 [wolf (5)]
 11285 | Lair:4   | Reached skill level 10 in Necromancy
 11603 | Lair:4   | Found a staircase to the Slime Pits.
 11859 | Lair:4   | Reached XP level 13. HP: 94/107 MP: 27/27
 12355 | Lair:5   | Entered Level 5 of the Lair of Beasts
 13080 | Lair:5   | Identified the amulet of Vehumet's Grace {Faith rPois rF-
                  | Dex+7 Stlth-}
 13434 | Lair:5   | HP: 4/108 [elephant (9)]
 13442 | Lair:5   | Reached skill level 11 in Necromancy
 14084 | Lair:5   | Reached XP level 14. HP: 38/116 MP: 27/29
 14348 | Lair:5   | Found a one-way gate to the infinite horrors of the Abyss.
 14354 | Lair:5   | Identified the +1 chain mail of the Monk {rN+ Will+ Str+4}
 14504 | Lair:5   | Learned a level 7 spell: Storm Form
 15088 | D:9      | Noticed Maurice
 15095 | D:9      | Killed Maurice
 15124 | D:9      | Reached skill level 1 in Air Magic
 15572 | D:10     | Entered Level 10 of the Dungeon
 16189 | D:10     | Upgraded the game from 0.30-a0-845-g7c6808c to
                  | 0.30-a0-851-gbd0d260
 16827 | D:11     | Noticed Nergalle
 16835 | D:11     | Killed Nergalle
 17342 | D:11     | Reached skill level 10 in Axes
 17433 | D:11     | Found a staircase to the Orcish Mines.
 17562 | Orc:1    | Entered Level 1 of the Orcish Mines
 18784 | Orc:2    | Entered Level 2 of the Orcish Mines
 18835 | Orc:2    | Noticed Azrael
 18854 | Orc:2    | Killed Azrael
 19708 | Orc:2    | Noticed Nessos
 19710 | Orc:2    | Noticed Donald
 19740 | Orc:2    | Killed from afar by an orc priest

Illustrated notes

Levels and vault maps discovered:
D:1:      dpeg_arrival_boxes_within_box, layout_basic
D:2:      layout_loops_ring, basic_altar, uniq_robin
D:3:      layout_rooms
D:4:      layout_loops_ring, ebering_ghost_gozag
D:5:      layout_rooms, chequers_serial_rivers_marsh
D:6:      layout_gridville, mainiacjoe_overflow_chevrons,
          mainiacjoe_overflow_alcove_4, minmay_splitting_lines
D:7:      layout_basic, minmay_temple_entry_proselytizer,
          ebering_ghost_rock_garden, serial_shops, nicolae_shop_stone,
          shop_fountains, uniq_pikel, uniq_joseph
D:8:      layout_cave_pools, amcnicky_altar_gilded, bloody_makhleb,
          david_lair_generic, minmay_misc_feat_secret_circle,
          kennysheep_kite_vault
D:9:      layout_rooms, nicolae_overflow_crystal_walls, hangedman_glass_garden,
          minmay_statues_item, uniq_maurice
D:10:     layout_small_grid, doesnt_xom_only_xom,
          amethyst_overflow_temple_binary
D:11:     layout_basic, orc_0_dummy, uniq_nergalle
D:12:     layout_long_grid, nicolae_take_the_stairs, roderic_roman_lattice,
          nicolae_titane
Lair:1:   layout_misc_corridors, hellmonk_guarded_unrand_zhor, uniq_maggie
Lair:2:   layout_roguey, elwin_shoals_entry_rocks,
          portal_ice_cave_entry_pillars_2
Lair:3:   layout_small_grid, spider_nest_entry_webs, serial_bayou_crossing,
          lemuel_fruit_tree, serial_bayou_shore_b, uniq_gastronok
Lair:4:   layout_loops_ring, dpeg_slime_entry_corner, bobbens_ice_dragon_lair,
          grunt_megastairs_5, uniq_kirke
Lair:5:   hellmonk_lair_end_abyssal_woods, layout_cave_pods, grunt_megastairs_1,
          serial_bayou_shore_b
Orc:1:    layout_caves, minmay_orc_temple_c
Orc:2:    st_orc_town, layout_caves, uniq_donald, uniq_nessos, uniq_azrael

Skill      XL: |  1  2  3  4  5  6  7  8  9 10 11 12 13 14 |
---------------+-------------------------------------------+-----
Fighting       | 1 3 4 5 6 7 8 9 |  9.3
Transmutations | 2 3 5 6 |  6.6
Unarmed Combat | 3 4 |  4.5
Spellcasting   | 2 3 4 5 6 7 |  7.7
Dodging        | 2 3 4 5 |  5.4
Poison Magic   | 1 2 |  2.0
Axes           | 2 3 4 6 7 8 9 10 | 10.1
Hexes          | 3 4 |  4.0
Necromancy     | 1 4 6 8 10 11 | 11.7
Armour         | 1 3 5 6 7 |  7.9
Summonings     | 2 5 7 8 |  8.0
Air Magic      | 3 |  3.6

Action                     |  1- 3 |  4- 6 |  7- 9 | 10-12 | 13-15 || total
---------------------------+-------+-------+-------+-------+-------++-------
  Melee: Unarmed           |   113 |   119 |       |     7 |       ||   239
         Headbutt          |    14 |     9 |       |       |       ||    23
         Punch             |     3 |     4 |     5 |    19 |    25 ||    56
         Kick              |    22 |    23 |       |       |       ||    45
         Hand axe          |       |     3 |   113 |   375 |   538 ||  1029
         Broad axe         |       |       |       |     4 |       ||     4
  Throw: Stone             |     2 |     4 |     8 |       |       ||    14
         Dart              |       |       |     5 |     2 |       ||     7
   Cast: Beastly Appendage |    29 |    23 |       |       |       ||    52
         Wereblood         |     2 |     5 |     1 |       |     1 ||     9
         Spider Form       |       |     3 |       |       |       ||     3
         Tukima's Dance    |       |     1 |       |     2 |     2 ||     5
         Animate Dead      |       |       |       |     6 |    14 ||    20
  Evoke: Wand              |       |     1 |       |     4 |     1 ||     6
         Phial of floods   |       |       |       |       |     1 ||     1
    Use: Scroll            |       |       |       |     6 |    19 ||    25
         Potion            |       |       |       |     2 |     8 ||    10
   Stab: Distracted        |       |       |       |     8 |    16 ||    24
         Sleeping          |       |       |       |       |     2 ||     2
         Invisible         |       |       |       |       |     1 ||     1
 Armour: Robe              |    12 |    18 |    28 |       |       ||    58
         Skin              |       |     1 |       |       |       ||     1
         Ring mail         |       |       |     7 |    25 |       ||    32
         Animal skin       |       |       |       |    48 |   149 ||   197
  Dodge: Dodged            |    65 |    74 |    78 |   162 |   246 ||   625
         Repelled          |       |       |       |       |     4 ||     4

Table legend: (Time is in decaauts)
 A = Elapsed time spent in this place.
 B = Non-inter-level travel time spent in this place.
 C = Inter-level travel time spent in this place.
 D = Time resting spent in this place.
 E = Time spent auto-exploring this place.
 F = Levels seen in this place.
 G = Mean time per level.
                   A        B        C        D        E       F      G
               +--------+--------+--------+--------+--------+-----+--------+
         Total |  19680 |  18928 |    752 |   4462 |  10493 |  20 |  984.0 |
       Dungeon |  10341 |   9877 |    464 |   1969 |   6011 |  12 |  861.8 |
          Lair |   7381 |   7128 |    253 |   1623 |   3973 |   5 | 1476.2 |
  Orcish Mines |   1638 |   1605 |     33 |    650 |    508 |   2 |  819.0 |
      Ice Cave |    318 |    318 |      0 |    219 |      0 |   1 |  318.0 |
               +--------+--------+--------+--------+--------+-----+--------+

Top non-repeatable levels by time:
  Lair:5: 2264 daAuts
  Lair:4: 1865 daAuts
    D:11: 1404 daAuts
   Orc:1: 1314 daAuts
  Lair:3: 1145 daAuts
     D:7: 1120 daAuts
     D:8: 1079 daAuts
  Lair:2: 1057 daAuts
  Lair:1: 1049 daAuts
     D:5: 1011 daAuts
     D:6: 955 daAuts
    D:10: 946 daAuts
     D:1: 944 daAuts
     D:4: 921 daAuts
     D:2: 861 daAuts
